 Dungeon Crawl Stone Soup version 0.29-a0-323-g050149af67 (webtiles) character file.

Game seed: 11755203871268071109

5 jt the Sneak (level 1, 0/14 HPs)
             Began as a Gargoyle Delver on Apr 11, 2022.
             Slain by a hobgoblin (2 damage)
             ... led by Robin
             ... on level 4 of the Dungeon.
             The game lasted 00:00:53 (89 turns).

jt the Sneak (Gargoyle Delver)                        Turns: 89, Time: 00:00:53

Health: 0/14       AC:  5    Str: 15    XL:     1   Next: 80%
Magic:  1/1        EV: 11    Int: 10    God:
Gold:   8          SH:  0    Dex: 11    Spells: 0/0 levels left

rFire   . . .      SeeInvis .   a - +0 hand axe
rCold   . . .      Faith    .   (no shield)
rNeg    + . .      Spirit   .   b - +0 leather armour
rPois   ∞          Reflect  .   (no helmet)
rElec   +          Harm     .   (no cloak)
rCorr   .          Rampage  .   (no gloves)
Will    .....                   (no boots)
Stlth   +++.......              (no amulet)
HPRegen 0.04/turn               (no ring)
MPRegen 0.07/turn               (no ring)

@: hasted, very quick
A: sickness immunity, AC +2, negative energy resistance 1, electricity
resistance, torment resistance 1, petrification resistance
a: no special abilities


You were on level 4 of the Dungeon.
You visited 1 branch of the dungeon, and saw 2 of its levels.

You collected 8 gold pieces.

Inventory:

Hand Weapons
 a - a +0 hand axe (weapon)
 d - a +2 falchion of electrocution
Armour
 b - a +0 leather armour (worn)
Wands
 g - a wand of digging (3)
Scrolls
 c - a scroll of fog


   Skills:
 - Level 3.2 Fighting
 + Level 2.2 Axes
 - Level 1.5 Dodging
 - Level 5.4 Stealth


You couldn't memorise any spells.
You didn't know any spells.
Your spell library was empty.

Dungeon Overview and Level Annotations

Branches:
Dungeon (5/15)
 Temple: D:4-7

Altars:

Portals:
Ossuary: D:5


Innate Abilities, Weirdness & Mutations

You are immune to sickness and miasma.
Your stone body is resilient. (AC +2)
You are immune to poison.
You resist negative energy. (rN+)
You are resistant to electric shocks. (rElec)
You are resistant to unholy torment.
You are immune to petrification.


Message History

The jelly looks frightened!
Found a club.
The rat zombie misses you.
You hit the rat zombie.
The rat zombie is heavily damaged.
You barely miss the rat zombie.
The rat zombie is heavily damaged.
The rat zombie bites you but does no damage.
You hit the rat zombie.
The rat zombie is almost destroyed.
The rat zombie bites you but does no damage.
You completely miss the rat zombie.
The rat zombie is almost destroyed.
You barely miss the rat zombie.
The rat zombie is almost destroyed.
The rat zombie bites you but does no damage.
The hound barks!
You hit the rat zombie.
You destroy the rat zombie!
You hear a distant slurping noise.
There is a stone staircase leading up here.
You climb upwards.
The goblin shouts!
The hound barks!
The goblin shouts!
The hobgoblin shouts!
The goblin shouts!
You hear a shout! x2; The goblin shouts!
Found a ring mail.
There is a stone staircase leading down here.
You hear a shout! x2
You start resting.
There are monsters nearby!
You hit the goblin.
You kill the goblin!
You hit the goblin.
You kill the goblin!
You hit the hobgoblin.
The hobgoblin is moderately wounded.
The hobgoblin hits you.
* * * LOW HITPOINT WARNING * * *
You hit the hobgoblin.
The hobgoblin is severely wounded.
The hobgoblin hits you.
You die... ggg............

g.g........#.#.
#.># ##.# #.#
#B# #g# #g# #@#
#.# #.# ..# ###


You could see a giant cockroach and 2 hobgoblins.

Vanquished Creatures
  An orc (D:5)
  2 goblins (D:4)
  A jackal zombie (D:5)
  A rat zombie (D:5)
5 creatures vanquished.

Notes
Turn   | Place    | Note
-------+----------+-------------------------------------------
     0 | D:5      | jt the Gargoyle Delver began the quest for the Orb.
     0 | D:5      | Reached XP level 1. HP: 14/14 MP: 1/1
    26 | D:5      | Noticed a jelly
    48 | D:5      | Found a sand-covered staircase.
    52 | D:5      | Noticed a hound
    67 | D:4      | Noticed a hound
    89 | D:4      | Slain by a hobgoblin

Illustrated notes

Levels and vault maps discovered:
D:4:      layout_basic, serial_glass, glass_columns_c, glass_columns_c,
          item_on_display_a, minmay_strange_pillars,
          chequers_serial_rivers_large_b, corexii_shack, minmay_crystal_room,
          minmay_manual_mares, uniq_duvessa, uniq_robin
D:5:      layout_gridville, kennysheep_mini, bloody_makhleb, enter_ossuary_3,
          gammafunk_ghost_smash, dk_noncrumbling_3, uniq_menkaure, uniq_ijyb,
          uniq_edmund, uniq_eustachio

Skill      XL: |  1 |
---------------+----+-----
Axes           | 2 |  2.2
Fighting       | |  3.2
Dodging        | |  1.5
Stealth        | |  5.4

Action                   || total
-------------------------++-------
Melee: Hand axe          ||    21
  Use: Scroll            ||     2
       Potion            ||     1
 Stab: Sleeping          ||     1
Armor: Leather armour    ||     4
Dodge: Dodged            ||     7

Table legend: (Time is in decaauts)
 A = Elapsed time spent in this place.
 B = Non-inter-level travel time spent in this place.
 C = Inter-level travel time spent in this place.
 D = Time resting spent in this place.
 E = Time spent auto-exploring this place.
 F = Levels seen in this place.
 G = Mean time per level.
                   A        B        C        D        E       F      G
               +--------+--------+--------+--------+--------+-----+--------+
         Total |     76 |     76 |      0 |      1 |      0 |   2 |   38.0 |
       Dungeon |     76 |     76 |      0 |      1 |      0 |   2 |   38.0 |
               +--------+--------+--------+--------+--------+-----+--------+

Top non-repeatable levels by time:
     D:5: 61 daAuts
     D:4: 14 daAuts
